 Dungeon Crawl Stone Soup version 0.23-a0-586-gacb4b3f4ce (webtiles) character file.

1199 Napalmbreeze the Conjurer (level 8, -4/42 HPs)
             Began as a Deep Elf Fire Elementalist on Dec 19, 2018.
             Was an Initiate of Vehumet.
             Killed by nerve-wracking pain
             ... invoked by Menkaure
              (6 damage)
             ... on level 5 of the Dungeon on Dec 21, 2018.
             The game lasted 00:14:59 (6288 turns).

Napalmbreeze the Conjurer (DEFE)                    Turns: 6288, Time: 00:15:00

Health: -4/42      AC:  3    Str:  5    XL:     8   Next: 20%
Magic:  6/20       EV: 13    Int: 23    God:    Vehumet [......]
Gold:   138        SH:  0    Dex: 15    Spells: 5/20 levels left

rFire    . . .     SeeInvis .   b - +4 falchion (elec)
rCold    . . .     Gourm    .   (no shield)
rNeg     + . .     Faith    .   a - +0 robe
rPois    .         Spirit   .   (no helmet)
rElec    .         Reflect  .   (no cloak)
rCorr    .         Harm     .   t - +0 pair of gloves
MR       .....                  (no boots)
Stlth    ++........             x - macabre finger necklace {rN+}
HPRegen  0.14/turn              q - ring of wizardry
MPRegen  0.17/turn              (no ring)
                                (no ring)

@: slowed, very slow
A: no striking features
a: Renounce Religion


You were on level 5 of the Dungeon.
You worshipped Vehumet.
Vehumet was noncommittal.
You were hungry.

You visited 1 branch of the dungeon, and saw 5 of its levels.

You collected 138 gold pieces.

Inventory:

Hand Weapons
 b - a +4 falchion of electrocution (weapon)
Missiles
 m - 19 stones (quivered)
Armour
 a - a +0 robe (worn)
 t - a +0 pair of gloves (worn)
Jewellery
 h - an uncursed ring of stealth
 q - a ring of wizardry (left hand)
 x - the macabre finger necklace (around neck) {rN+}
   (You found it on level 5 of the Dungeon)

   [amulet of nothing]

   It protects you from negative energy.
Wands
 v - a wand of digging (9)
 A - a wand of iceblast (8)
Scrolls
 d - 4 scrolls of teleportation {unknown}
 e - 2 scrolls of noise {unknown}
 f - 3 scrolls of random uselessness {unknown}
 g - a scroll of enchant armour {unknown}
 n - a scroll of blinking {unknown}
 o - 5 scrolls of identify {unknown}
 s - a scroll of fog {unknown}
 u - a scroll of amnesia {unknown}
 y - 2 scrolls of remove curse {unknown}
 z - a scroll of enchant weapon {unknown}
 B - a scroll of magic mapping {unknown}
Potions
 i - 2 potions of cancellation {unknown}
 j - a potion of mutation {unknown}
 k - a potion of haste {unknown}
 l - a potion of lignification {unknown}
 p - a potion of magic {unknown}
 r - 3 potions of flight {unknown}
 w - a potion of heal wounds {unknown}
 C - a potion of berserk rage {unknown}
Comestibles
 c - 6 rations
 D - 2 chunks of flesh


   Skills:
 + Level 0.7 Fighting
 + Level 3.0 Dodging
 - Level 2.9 Stealth
 + Level 6.7 Spellcasting
 * Level 7.2 Conjurations
 + Level 6.3 Fire Magic
 + Level 0.7 Evocations


You had 5 spell levels left.
You knew the following spells:

 Your Spells              Type           Power        Failure   Level  Hunger
a - Flame Tongue          Conj/Fire      #####        1%          1    None
d - Conjure Flame         Conj/Fire      #####...     1%          3    None
e - Fireball              Conj/Fire      #####.....   6%          5    #####..
f - Sticky Flame          Conj/Fire      #####...     1%          4    ###....
s - Throw Flame           Conj/Fire      #####.       1%          2    None

Your spell library contained the following spells:

 Spells                   Type           Power        Failure   Level  Hunger
 Inner Flame              Hex/Fire       ###.....     2%          3    None


Dungeon Overview and Level Annotations

Branches:
Dungeon (5/15)             Temple (0/1) D:5

Altars:
Hepliaklqana
Kikubaaqudgha
Vehumet
Xom
Yredelemnul

Shops:
D:5 (

Annotations:
D:5 1 transporter, Menkaure


Message History

You feel as though you will be slow longer.
Evoke which item? (* to show all) (? for menu, Esc to quit)
Aiming: Iceblast
Press: ? - help, Shift-Dir - straight line, p - phantom The mass of ice explodes!
The iceblast engulfs the wraith.
The wraith partially resists.
The wraith is heavily damaged.
The iceblast engulfs the phantom.
The phantom partially resists.
The phantom is severely damaged.
The wraith hits you!
* * * LOW HITPOINT WARNING * * *
The wraith drains your vigour!
You feel as though you will be slow longer.
The phantom hits you!
* * * LOW HITPOINT WARNING * * *
The phantom blinks!
Okay, then.
Menkaure gestures at you while chanting.
Pain shoots through your body!
You die...

...[).......#...........#.#
.)..........#..##...##..#.#
............#..#8...8#..#.#
............#..##..)##..#.#
.###.#.####.#.....©M.!..#.#
####.#># #.#|.##...##..#.#
.....#.# #.#..#8...8#..#.#
.......####.#..##.W.##..#.#
.........##.#...@..$....#.#
.......####.#....W......#.#
..........#.#############.#
..................©.......#
.........##.........#######
.....###.#######...##
.....#!#.# #####
.##..###.######
...#..........#


You could see a phantom, a wraith and Menkaure.

Vanquished Creatures
  Edmund (D:4)
  2 phantoms
  An ogre (D:5)
  2 centaurs (D:5)
  A crimson imp (D:5)
  A bullfrog skeleton (D:5)
  An orc priest (D:3)
  6 orc wizards
  A centaur skeleton (D:4)
  Ijyb (D:4)
  2 worker ants (D:4)
  3 hound skeletons
  A hound zombie (D:4)
  A mummy (D:5)
  8 gnolls (D:4)
  4 adders
  2 shadow imps (D:5)
  2 oozes (D:4)
  2 worms
  A dart slug (D:4)
  5 leopard geckos
  19 orcs
  5 bats
  4 giant cockroaches
  10 goblins
  8 hobgoblins
  9 jackals
  3 kobolds
  A quokka (D:3)
  3 ball pythons
  A frilled lizard (D:1)
  A quokka skeleton (D:5)
  9 rats
121 creatures vanquished.

Notes
Turn   | Place    | Note
-------+----------+-------------------------------------------
     0 | D:1      | Napalmbreeze the Deep Elf Fire Elementalist began the quest
                  | for the Orb.
     0 | D:1      | Reached XP level 1. HP: 10/10 MP: 6/6
   446 | D:1      | Reached XP level 2. HP: 15/15 MP: 2/8
   499 | D:1      | Learned a level 2 spell: Throw Flame
  1178 | D:2      | Reached XP level 3. HP: 17/19 MP: 7/10
  1183 | D:2      | Learned a level 3 spell: Conjure Flame
  1804 | D:3      | Reached skill level 2 in Conjurations
  1804 | D:3      | Reached XP level 4. HP: 22/24 MP: 5/11
  1829 | D:3      | Learned a level 4 spell: Sticky Flame
  2254 | D:3      | Reached XP level 5. HP: 17/28 MP: 10/13
  2256 | D:3      | Reached skill level 3 in Conjurations
  3221 | D:3      | Reached skill level 4 in Conjurations
  3669 | D:4      | Noticed Ijyb
  3677 | D:4      | Killed Ijyb
  3677 | D:4      | Reached XP level 6. HP: 33/33 MP: 1/14
  4016 | D:4      | Reached skill level 5 in Fire Magic
  4031 | D:4      | Reached skill level 5 in Spellcasting
  4195 | D:4      | Reached skill level 5 in Conjurations
  4265 | D:4      | Learned a level 5 spell: Fireball
  4297 | D:4      | Noticed Edmund
  4434 | D:4      | Killed Edmund
  4434 | D:4      | Reached XP level 7. HP: 35/37 MP: 10/17
  4741 | D:4      | Reached skill level 6 in Conjurations
  4844 | D:4      | Found a hazy altar of Hepliaklqana.
  5019 | D:4      | Found a shimmering altar of Xom.
  5057 | D:5      | Entered Level 5 of the Dungeon
  5057 | D:5      | Found the macabre finger necklace {rN+}
  5197 | D:5      | Found Omaicyde's Weapon Shop.
  5682 | D:5      | Reached XP level 8. HP: 37/42 MP: 19/19
  5729 | D:5      | Reached skill level 7 in Conjurations
  5755 | D:5      | Found a radiant altar of Vehumet.
  5762 | D:5      | Became a worshipper of Vehumet
  5838 | D:5      | Found a staircase to the Ecumenical Temple.
  5971 | D:5      | Found a transporter.
  5989 | D:5      | Found a transporter.
  5989 | D:5      | Found an ancient bone altar of Kikubaaqudgha.
  5993 | D:5      | Noticed Menkaure
  5999 | D:5      | Found a basalt altar of Yredelemnul.
  6287 | D:5      | HP: 2/42 [phantom (8)]
  6288 | D:5      | Killed from afar by Menkaure

Vault maps used:
D:1:      lordsloth_arrival_two_stooges, serial_forest,
          infiniplex_forest_straight_5, infiniplex_forest_end_1,
          infiniplex_forest_clump_curved, infiniplex_forest_clump_tiny,
          infiniplex_forest_clump_cross
D:3:      chequers_decorated_corner, grunt_ministairs_5
D:4:      lemuel_round_altar, kennysheep_little_box, uniq_edmund, uniq_ijyb
D:5:      gammafunk_temple_of_torment, nicolae_overflow_crystal_walls,
          minmay_temple_entry_overgrown, serial_shops, shop, first_ration,
          serial_glass, glass_columns_a, glass_columns_a, glass_columns_a,
          glass_columns_a, glass_columns_a, glass_columns_b, glass_columns_a,
          glass_columns_c, glass_columns_a, glass_columns_a, item_on_display_a,
          item_on_display_a, eino_small_chamber_without_monster,
          roderic_serpentine_path, uniq_menkaure

Skill      XL: |  1  2  3  4  5  6  7  8 |
---------------+-------------------------+-----
Fire Magic     | 4 5 6 |  6.3
Conjurations   | 2 4 5 6 7 |  7.2
Spellcasting   | 4 5 6 |  6.7
Dodging        | 3 |  3.0
Fighting       | |  0.7
Stealth        | |  2.9
Evocations     | |  0.7

Action                   |  1- 3 |  4- 6 |  7- 9 || total
-------------------------+-------+-------+-------++-------
Melee: Unarmed           |     2 |       |       ||     2
       Falchion          |       |    21 |    33 ||    54
 Cast: Flame Tongue      |    55 |    67 |    43 ||   165
       Throw Flame       |     4 |    31 |    16 ||    51
       Conjure Flame     |     1 |     4 |       ||     5
       Sticky Flame      |       |     1 |       ||     1
       Fireball          |       |       |     8 ||     8
Evoke: Wand              |       |       |     1 ||     1
  Use: Potion            |       |     3 |     1 ||     4
 Stab: Sleeping          |       |       |     2 ||     2
  Eat: Chunk             |     3 |     8 |     8 ||    19
Armor: Robe              |     4 |     3 |     8 ||    15
Dodge: Dodged            |    13 |    17 |    36 ||    66
       Rpst.: Falchion   |       |     3 |    13 ||    16

Table legend:
 A = Non-vault XP
 B = Vault XP
 C = Vault XP percentage of total XP
 D = Non-vault monster count
 E = Vault monster count
 F = Vault count percentage of total count
                 A         B        C        D         E       F
            +---------+---------+-------+---------+---------+-------
      Total |    1491 |     222 |  13.0 |     114 |       7 |   5.8
            +---------+---------+-------+---------+---------+-------
        D:1 |      16 |       0 |   0.0 |      13 |       0 |   0.0
        D:2 |      77 |       0 |   0.0 |      23 |       0 |   0.0
        D:3 |     242 |      11 |   4.3 |      22 |       4 |  15.4
        D:4 |     516 |     193 |  27.2 |      35 |       2 |   5.4
        D:5 |     640 |      18 |   2.7 |      21 |       1 |   4.5
            +---------+---------+-------+---------+---------+-------
